 Dungeon Crawl Stone Soup version 0.24.0-1-gfbc8707122 (webtiles) character file.

Game seed: 6560423700583193694, levelgen mode: deterministic

81 Monsterracer the Shooter (level 4, 27/27 HPs)
             Began as a Tengu Arcane Marksman on Oct 26, 2019.
             Quit the game on level 3 of the Dungeon.
             The game lasted 00:02:53 (1900 turns).

Monsterracer the Shooter (Tengu Arcane Marksman)    Turns: 1900, Time: 00:02:54

Health: 27/27      AC:  5    Str: 10    XL:     4   Next: 42%
Magic:  6/6        EV: 11    Int: 14    God:
Gold:   96         SH:  0    Dex: 15    Spells: 4/5 levels left

rFire    . . .     SeeInvis .   b - +0 short sword
rCold    . . .     Gourm    .   (no shield)
rNeg     . . .     Faith    .   j - +0 ring mail
rPois    .         Spirit   .   (helmet restricted)
rElec    .         Reflect  .   (no cloak)
rCorr    .         Harm     .   (no gloves)
MR       .....                  (boots unavailable)
Stlth    +.........             (no amulet)
HPRegen  0.09/turn              (no ring)
MPRegen  0.10/turn              (no ring)

@: no status effects
A: beak, talons 3
a: no special abilities


You were on level 3 of the Dungeon.
You were not hungry.

You visited 1 branch of the dungeon, and saw 3 of its levels.

You collected 96 gold pieces.

Inventory:

Hand Weapons
 a - a +0 shortbow
 b - a +0 short sword (weapon)
   (You took it off a kobold on level 1 of the Dungeon)
Missiles
 d - 8 arrows
Armour
 j - a +0 ring mail (worn)
   (You found it on level 1 of the Dungeon)
Scrolls
 f - a scroll of identify {unknown}
 g - a scroll of blinking {unknown}
 i - 3 scrolls of remove curse {unknown}
Potions
 e - a potion of haste {unknown}
 h - a potion of agility {unknown}
 k - a potion of degeneration {unknown}
 l - a potion of resistance {unknown}
Comestibles
 c - 4 rations


   Skills:
 + Level 2.3 Fighting
 * Level 4.2 Bows
 - Level 2.1 Dodging
 - Level 1.0 Spellcasting
 - Level 2.1 Hexes


You had 4 spell levels left.
You knew the following spells:

 Your Spells              Type           Power        Failure   Level  Hunger
j - Corona                Hex            #......      28%         1    ##.....

Your spell library contained the following spells:

 Spells                   Type           Power        Failure   Level  Hunger
 Slow                     Hex            #.......     38%         2    ###....
 Inner Flame              Hex/Fire       #.......     78%         3    ####...
 Portal Projectile        Hex/Tloc       #.....       78%         3    ####...
 Cause Fear               Hex            #.........   95%         4    #####..
 Leda's Liquefaction      Hex/Erth       #.........   99%         4    #####..


Dungeon Overview and Level Annotations

Branches:
Dungeon (2/15)

Altars:

Annotations:
D:2 Jessica


Innate Abilities, Weirdness & Mutations

You have a beak for a mouth.
You have claws for feet.


Message History

An ooze comes into view.
The ooze quivers.
An ooze is nearby!
The ooze hits you but does no damage.
You hit the ooze. Your kick misses the ooze. You peck the ooze.
The ooze is moderately wounded.
The ooze hits you but does no damage. The ooze hits you.
You hit the ooze but do no damage.
The ooze is moderately wounded.
The ooze closely misses you.
You hit the ooze but do no damage.
The ooze is moderately wounded.
The ooze closely misses you.
You hit the ooze but do no damage. You claw the ooze. You peck the ooze.
You kill the ooze!
No target in view!
All of the chunks of flesh in your inventory have rotted away.
A bat comes into view.
The bat barely misses you.
You hit the bat but do no damage. The bat hits you but does no damage.
The bat hits you.
A bat is nearby!
The bat misses you. The bat hits you. The bat hits you but does no damage.
You barely miss the bat. Your peck misses the bat.
The bat hits you but does no damage.
You hit the bat.
You kill the bat!
No target in view!
A goblin comes into view. It is wielding a +0 dagger.
The goblin shouts!
You hear a shout!
The goblin moves out of view.
No target in view!
A hobgoblin comes into view.
A giant cockroach comes into view.
There are monsters nearby!
a - a +0 shortbow (weapon)
b - a +0 short sword (weapon)
You closely miss the goblin. The goblin closely misses you.
You hit the goblin but do no damage. Your kick misses the goblin.
The goblin barely misses you.
You hit the goblin but do no damage. You claw the goblin.
You kill the goblin!
You hit the giant cockroach but do no damage.
The giant cockroach barely misses you.
You hit the giant cockroach but do no damage.
Your kick misses the giant cockroach. The giant cockroach barely misses you.
The giant cockroach bites you but does no damage.
You hit the giant cockroach.
The giant cockroach is severely wounded.
The giant cockroach bites you but does no damage.
You hit the giant cockroach but do no damage.
Your kick misses the giant cockroach.
The giant cockroach is severely wounded.
The giant cockroach bites you but does no damage.
You hit the giant cockroach.
You kill the giant cockroach!
You hit the hobgoblin.
The hobgoblin is heavily wounded.
The hobgoblin closely misses you.
You hit the hobgoblin.
You kill the hobgoblin!
Things that are here:
a +0 dagger; a goblin corpse Char dumped successfully.
A hobgoblin comes into view.
a - a +0 shortbow (weapon)
Firing (i - inventory)
d - 9 arrows (quivered)
Press: ? - help, Shift-Dir - straight line, f - hobgoblin
Aim: a hobgoblin You shoot an arrow.
The arrow hits the hobgoblin!
You kill the hobgoblin!
No target in view!
You see here a hobgoblin corpse.
Found a stone staircase leading down.
Found a leather armour.
You see here a leather armour.
A rat comes into view.
A rat is nearby!
b - a +0 short sword (weapon)
Found a stone staircase leading up.
You closely miss the rat. Your kick misses the rat. The rat closely misses you.
You hit the rat. You claw the rat.
You kill the rat!
Jessica the Apprentice Sorceress comes into view.
She is wielding a +0 club.
Jessica shouts!
Jessica gestures wildly while chanting.
Jessica blinks!
Jessica moves out of view.
Found 12 poisoned darts.
No target in view!
No target in view!
You fall into a shaft and drop 1 floor!
The shaft crumbles and collapses.
A kobold comes into view.
The kobold shouts!
An adder comes into view.
The adder hisses angrily.
A hobgoblin comes into view.
The hobgoblin shouts!
You hear a shout!
Found a smoky sapphire potion, 7 bolts and 9 gold pieces.
Are you sure you want to abandon this character and quit the game? (Confirm with "yes".)

. .... #. ....
....... .#.....
## ...$. . #.
... ...
...###.#.#.....
..S..!.@.......
....###K##.....
. ..# ### .###
.# #g #


You could see an adder, a hobgoblin and a kobold.

Vanquished Creatures
  2 adders (D:2)
  An ooze (D:2)
  2 worms (D:1 D:2)
  2 dart slugs (D:1)
  3 leopard geckos (D:1)
  A ball python (D:1)
  A giant cockroach (D:2)
  4 goblins (D:1 D:2)
  8 hobgoblins (D:1 D:2)
  8 bats (D:1 D:2)
  2 frilled lizards (D:1)
  7 kobolds (D:1 D:2)
  6 rats (D:1 D:2)
47 creatures vanquished.

Notes
Turn   | Place    | Note
-------+----------+-------------------------------------------
     0 | D:1      | Monsterracer the Tengu Arcane Marksman began the quest for
                  | the Orb.
     0 | D:1      | Reached XP level 1. HP: 12/12 MP: 3/3
    16 | D:1      | HP: 1/12 [hobgoblin/+0 club (6)]
   423 | D:1      | Reached XP level 2. HP: 15/16 MP: 4/4
   518 | D:1      | Reached skill level 3 in Bows
   694 | D:1      | Reached XP level 3. HP: 21/21 MP: 5/5
  1212 | D:1      | HP: 5/21 [worm (9)]
  1531 | D:2      | Reached XP level 4. HP: 18/26 MP: 6/6
  1533 | D:2      | HP: 13/26 [adder (1)]
  1537 | D:2      | Reached skill level 4 in Bows
  1538 | D:2      | HP: 11/26 [hobgoblin/cursed -2 club (1)]
  1545 | D:2      | HP: 10/26 [poisoned by an adder]
  1898 | D:2      | Noticed Jessica
  1899 | D:2      | You fall into a shaft and drop 1 floor!
  1900 | D:3      | Quit the game

Levels and vault maps discovered:
D:1:      evilmike_arrival_plus, layout_rooms
D:2:      layout_loops_ring, makhleb_heckhound_becter, uniq_jessica
D:3:      layout_rooms

Skill      XL: |  1  2  3  4 |
---------------+-------------+-----
Bows           | 3 4 |  4.2
Fighting       | 2 |  2.3
Dodging        | |  2.1
Spellcasting   | |  1.0
Hexes          | |  2.1

Action                   |  1- 3 |  4- 6 || total
-------------------------+-------+-------++-------
Melee: Unarmed           |     4 |       ||     4
       Short sword       |    25 |    26 ||    51
       Kick              |     8 |     4 ||    12
       Peck              |     4 |     2 ||     6
 Fire: Shortbow          |    77 |     5 ||    82
 Cast: Corona            |     1 |       ||     1
  Eat: Chunk             |     2 |     1 ||     3
Armor: Robe              |    16 |       ||    16
       Ring mail         |    11 |    12 ||    23
Dodge: Dodged            |    49 |    15 ||    64
